 Dungeon Crawl Stone Soup version 0.29.1-12-g30fa7ad0bf (webtiles) character file.

Game seed: 4547468091410835071

70 concernfroge the Trooper (level 4, -2/38 HPs)
             Began as a Mummy Monk on Dec 17, 2022.
             Slain by an orc priest
             ... wielding a +1 mace of holy wrath
              (6 damage)
             ... on level 3 of the Dungeon.
             The game lasted 00:04:50 (2609 turns).

concernfroge the Trooper (Mummy Monk)               Turns: 2609, Time: 00:04:51

Health: -2/38      AC:  1    Str: 16    XL:     4   Next: 4%
Magic:  4/4        EV: 12    Int:  9    God:
Gold:   128        SH:  0    Dex: 14    Spells: 3/3 levels left

rFire   x . .      SeeInvis .   j - +0 war axe
rCold   + . .      Faith    .   (no shield)
rNeg    + + +      Spirit   .   (no body armour)
rPois   ∞          Reflect  .   d - +0 helmet
rElec   .          Harm     .   (no cloak)
rCorr   .          Rampage  .   (no gloves)
Will    .....                   (no boots)
Stlth   ++........              (no amulet)
HPRegen 0.12/turn               (no ring)
MPRegen 0.09/turn               (no ring)

@: about to teleport
A: cold resistance 1, negative energy resistance 3, torment resistance 2, heat
vulnerability 1, in touch with death 1, no potions
a: no special abilities


You were on level 3 of the Dungeon.
You visited 1 branch of the dungeon, and saw 3 of its levels.

You collected 128 gold pieces.

Inventory:

Hand Weapons
 a - a +0 spear
 j - a +0 war axe (weapon)
Missiles
 i - a throwing net
 k - 12 stones (quivered)
Armour
 b - a +0 plate armour
 d - a +0 helmet (worn)
 f - a +0 ring mail
Jewellery
 g - a ring of ice
Scrolls
 c - a scroll of poison {unknown}
 h - a scroll of torment {unknown}
 l - a scroll of enchant armour {unknown}
 m - a scroll of blinking {unknown}


   Skills:
 + Level 4.9 Fighting
 - Level 2.4 Polearms
 - Level 2.4 Dodging
 - Level 1.5 Stealth


You had 3 spell levels left.
You didn't know any spells.
Your spell library contained the following spells:

 Spells                   Type           Power      Damage    Failure   Level
 Animate Dead             Necr           0%         N/A       99%         4
 Haunt                    Necr/Summ      0%         N/A       100%        7
 Infestation              Necr           0%         N/A       100%        8


Dungeon Overview and Level Annotations

Branches:
Dungeon (3/15)

Altars:
Gozag
Trog

Annotations:
D:3 2 transporters, Terence


Innate Abilities, Weirdness & Mutations

You are immune to poison.
Your flesh is cold resistant. (rC+)
You are immune to negative energy. (rN+++)
You are immune to unholy pain and torment.
You are vulnerable to heat. (rF-)
You are in touch with the powers of death.
You do not drink.


Message History

The orc hits your butterfly with a +0 morningstar!
Your butterfly dies!
Your butterfly disappears in a burst of colours!
There is an open door here.
You close the door.
There is an open door here.
You see here a +0 plate armour.
b - a +0 plate armour You start removing your armour.
You continue taking off your +0 ring mail. x4
You finish taking off your +0 ring mail.
You start putting on your armour.
You continue putting on your +0 plate armour. x3
The orc hits you with a +0 hand axe.
Keep equipping yourself? [Y]es or [N]o only, please.
Keep equipping yourself? [Y]es or [N]o only, please.
Keep equipping yourself? [Y]es or [N]o only, please.
Keep equipping yourself?
You stop putting on your armour.
You hit the orc.
The orc is almost dead.
The orc hits you with a +0 hand axe.
You barely miss the orc.
The orc is almost dead.
The orc hits you with a +0 hand axe.
The orc priest hits you with a +1 mace of holy wrath.
You convulse.
The orc hits you with a +0 hand axe.
* * * LOW HITPOINT WARNING * * *
As you read the scroll of teleportation, it crumbles to dust.
You feel strangely unstable. The orc priest barely misses you.
The orc hits you with a +0 hand axe.
* * * LOW HITPOINT WARNING * * *
The orc priest misses you. The orc hits you with a +0 hand axe.
* * * LOW HITPOINT WARNING * * *
The orc priest attacks as you move away!
The orc priest hits you with a +1 mace of holy wrath.
You die...

.#.#####.....#...#.#...
#.###.#####.###. #.#
#.# #.# ## ############
#.# #.# #.#
#..........# #.# #.#
#.# #.########.# #.#
#.#####.# #.# #.#
###'###....##.# #.# #.#
#.o...####.##.# #.#
#.#.###@o...# ##+##.#
#.# #.#...'.....#
#.....# #.#
#.#####.....#
#.....#### #.# #.#
#.#'### #......... #.#
#.#####.#.# #....#####
#.# #.#.....#.# ##....#
#.########.#.#####.#
#.....# ...........#.#
#.####.....#
#########..#.#
#.#...!....#


You could see an orc priest and an orc.

Vanquished Creatures
  2 adders (D:2)
  An orc (D:3)
  4 endoplasms
  2 giant cockroaches (D:1)
  7 goblins
  5 hobgoblins
  6 kobolds
  6 quokkas
  3 ball pythons (D:1)
  3 bats
  2 frilled lizards
  7 rats
48 creatures vanquished.

Notes
Turn   | Place    | Note
-------+----------+-------------------------------------------
     0 | D:1      | concernfroge the Mummy Monk began the quest for the Orb.
     0 | D:1      | Reached XP level 1. HP: 18/18 MP: 1/1
   349 | D:1      | Reached XP level 2. HP: 19/24 MP: 2/2
   712 | D:1      | Found a faded altar of an unknown god.
   977 | D:1      | Reached skill level 4 in Fighting
  1368 | D:2      | Found a bloodstained altar of Trog.
  1397 | D:2      | Gained mutation: You are in touch with the powers of death.
                  | [Mummy growth]
  1397 | D:2      | Reached XP level 3. HP: 30/30 MP: 3/3
  2001 | D:3      | Noticed a scorpion
  2085 | D:3      | Found a transporter.
  2098 | D:3      | Found a transporter.
  2110 | D:3      | Found an opulent altar of Gozag.
  2177 | D:3      | Reached XP level 4. HP: 38/38 MP: 4/4
  2468 | D:3      | Noticed Terence
  2609 | D:3      | Slain by an orc priest

Illustrated notes

Levels and vault maps discovered:
D:1:      saegor_arrival_simple_b, layout_basic,
          dreamdust_ecumenical_altar_angels_and_demons
D:2:      layout_loops_ring, basic_altar
D:3:      layout_basic, gammafunk_temple_overflow_arena, uniq_terence

Skill      XL: |  1  2 |
---------------+-------+-----
Fighting       | 4 |  4.9
Polearms       | |  2.4
Dodging        | |  2.4
Stealth        | |  1.5

Action                   |  1- 3 |  4- 6 || total
-------------------------+-------+-------++-------
Melee: Spear             |   103 |       ||   103
       Punch             |     1 |       ||     1
       War axe           |    47 |     6 ||    53
Throw: Stone             |     4 |     3 ||     7
  Use: Scroll            |       |     3 ||     3
Armor: Ring mail         |    52 |     1 ||    53
Dodge: Dodged            |    71 |     5 ||    76
